 Dungeon Crawl Stone Soup version 0.21-a0-522-ga8338f0 (webtiles) character file.

478 slep the Shield-Bearer (level 7, -3/55 HPs)
             Began as a Barachi Fighter on Dec 7, 2017.
             Slain by a centaur (4 damage)
             ... on level 4 of the Dungeon.
             The game lasted 00:10:37 (2277 turns).

slep the Shield-Bearer (Barachi Fighter)            Turns: 2277, Time: 00:10:37

Health: -3/55      AC:  9    Str: 18    XL:     7   Next: 11%
Magic:  7/7        EV: 11    Int:  8    God:
Gold:   329        SH: 10    Dex: 16    Spells: 6/6 levels left

rFire    + + .     SeeInvis .   a - +0 war axe
rCold    . . .     Gourm    .   c - +0 shield
rNeg     . . .     Faith    .   n - +1 leather armour {rF+}
rPois    .         Spirit   .   (no helmet)
rElec    .         Reflect  .   o - +0 cloak
rCorr    .         Harm     .   w - +2 pair of gloves {Dex+3}
MR       .....                  (no boots)
Stlth    +.........             (no amulet)
HPRegen  0.18/turn              (no ring)
MPRegen  0.10/turn              x - ring of protection from fire

@: slow
A: +LOS, swims, slowness 1, strong legs 1
a: Hop


You were on level 4 of the Dungeon.
You were very hungry.

You visited 1 branch of the dungeon, and saw 4 of its levels.

You collected 329 gold pieces.

Inventory:

Hand Weapons
 a - a +0 war axe (weapon)
Missiles
 u - a throwing net (quivered)
Armour
 b - a +0 scale mail
 c - a +0 shield (worn)
 n - a +1 leather armour of fire resistance (worn)
 o - a +0 cloak (worn)
 q - a +0 pair of gloves
 w - a +2 pair of gloves of dexterity (worn)
Jewellery
 m - an uncursed ring of fire
 x - a ring of protection from fire (right hand)
Scrolls
 g - a scroll of noise {unknown}
 h - a scroll of fog {unknown}
 i - a scroll of magic mapping {unknown}
 j - 4 scrolls of identify {unknown}
 l - 2 scrolls of enchant weapon {unknown}
 t - 4 scrolls of enchant armour {unknown}
Potions
 d - 3 potions of might
 e - a potion of berserk rage {unknown}
 k - a potion of heal wounds {unknown}
 p - 3 potions of curing {unknown}
 s - 2 potions of ambrosia {unknown}
 z - a potion of flight {unknown}
Comestibles
 f - 3 bread rations
 r - a meat ration
 v - 2 fruits


   Skills:
 + Level 4.6 Fighting
 + Level 4.4 Axes
 + Level 4.8 Armour
 + Level 2.3 Dodging
 + Level 0.4 Stealth
 + Level 5.7 Shields


You had 6 spell levels left.
You didn't know any spells.

Dungeon Overview and Level Annotations

Branches:
Dungeon (4/15)
 Temple: D:4-7

Altars:
Gozag
Uskayaw

Annotations:
D:4 nomadicburrito's ghost, amateur TrHu


Innate Abilities, Weirdness & Mutations

Shadows flee at your approach. (+LOS)
You can swim through water.
You cover ground slowly.
You can hop short distances.


Message History

You block the centaur's attack. The centaur closely misses you.
The centaur barely misses you.
You hit the centaur but do no damage.
The centaur is severely wounded.
You block the centaur's attack. The centaur barely misses you.
You hit the centaur.
The centaur is severely wounded.
The centaur misses you.
You hit the centaur but do no damage.
The centaur is severely wounded.
The centaur closely misses you.
The centaur hits you but does no damage.
The centaur hits you.
* * * LOW HITPOINT WARNING * * *
You barely miss the centaur.
The centaur is severely wounded.
The centaur hits you.
* * * LOW HITPOINT WARNING * * *
The centaur hits you.
You die...

#. .# ### # #.#.# ## ##
#.. !#...... ..######.#
.#...#. .......... .....
......>... #...# #.....#
...# ##.###.. ###.#####c.#
####.#....... ........<@.#
..........)..
###.####.(#######.#.......
#...####.(................
#......(................
#...(.%#######.########.
#......# # ... #......#
#.## #......# #. #......#
#


You could see a centaur.

Vanquished Creatures
  Grinder (D:3)
  An orc priest (D:3)
  A hound (D:2)
  Jessica (D:2)
  Terence (D:2)
  2 orc wizards
  A worker ant (D:4)
  2 adders (D:3)
  An ooze (D:2)
  A worm (D:3)
  A dart slug (D:3)
  2 leopard geckos
  9 orcs
  4 hobgoblins
  9 jackals (D:4)
  A ball python (D:3)
  8 bats
  4 frilled lizards
  8 goblins
  5 kobolds
  7 rats
70 creatures vanquished.

Vanquished Creatures (others)
  A jackal (D:4)
1 creature vanquished.

Grand Total: 71 creatures vanquished

Notes
Turn   | Place    | Note
-------+----------+-------------------------------------------
     0 | D:1      | slep the Barachi Fighter began the quest for the Orb.
     0 | D:1      | Reached XP level 1. HP: 18/18 MP: 1/1
   188 | D:1      | Reached XP level 2. HP: 25/25 MP: 2/2
   698 | D:2      | Reached XP level 3. HP: 13/30 MP: 3/3
   729 | D:2      | Found a hide-covered altar of Uskayaw.
   731 | D:2      | Noticed Jessica
   732 | D:2      | Noticed Terence
   746 | D:3      | Reached XP level 4. HP: 11/37 MP: 4/4
   883 | D:3      | Found an opulent altar of Gozag.
   916 | D:3      | Reached skill level 4 in Shields
  1008 | D:3      | Noticed Grinder
  1010 | D:3      | Paralysed by Grinder for 6 turns
  1110 | D:3      | Paralysed by Grinder for 7 turns
  1123 | D:3      | Killed Grinder
  1123 | D:3      | Reached skill level 1 in Dodging
  1123 | D:3      | Reached skill level 5 in Shields
  1123 | D:3      | Reached XP level 5. HP: 19/43 MP: 5/5
  1123 | D:3      | Reached XP level 6. HP: 21/49 MP: 6/6
  1853 | D:2      | Killed Jessica
  2002 | D:2      | Killed Terence
  2191 | D:4      | Reached XP level 7. HP: 44/55 MP: 7/7
  2210 | D:4      | Noticed nomadicburrito's ghost (amateur TrHu)
  2277 | D:4      | HP: 1/55 [centaur (5)]
  2277 | D:4      | Slain by a centaur

Vault maps used:
D:1:      dpeg_arrival_renting
D:2:      eat_drink_and_be_merry_uskayaw, uniq_jessica, uniq_terence
D:3:      grunt_gozag_statues, uniq_grinder
D:4:      lemuel_upstairs_altar, kennysheep_mini_moat, first_bread,
          xom_teletrap_fun

Skill      XL: |  1  2  3  4  5  6 |
---------------+-------------------+-----
Fighting       | 4 |  4.6
Armour         | 4 |  4.8
Axes           | 3 4 |  4.4
Shields        | 5 |  5.7
Dodging        | 1 2 |  2.3
Stealth        | |  0.4

Action                   |  1- 3 |  4- 6 |  7- 9 || total
-------------------------+-------+-------+-------++-------
Melee: War axe           |    87 |   150 |    28 ||   265
 Stab: Sleeping          |       |     1 |       ||     1
  Eat: Chunk             |       |     5 |       ||     5
Armor: Scale mail        |    49 |    99 |       ||   148
       Leather armour    |       |    17 |    12 ||    29
Dodge: Dodged            |    51 |    82 |    28 ||   161
Block: Shield            |    67 |   129 |    40 ||   236

Table legend:
 A = Spawn XP
 B = Non-spawn XP
 C = Spawn XP percentage of total XP
 D = Spawn monster count
 E = Non-spawn monster count
 F = Spawn count percentage of total count
 G = Total turns spent on level
                    A         B        C        D         E        F      G
               +---------+---------+-------+---------+---------+-------+---------
         Total |       0 |     683 |   0.0 |       0 |      71 |   0.0 |  2277
               +---------+---------+-------+---------+---------+-------+---------
           D:1 |       0 |      20 |   0.0 |       0 |      15 |   0.0 |   599
           D:2 |       0 |     139 |   0.0 |       0 |      16 |   0.0 |   649
           D:3 |       0 |     418 |   0.0 |       0 |      23 |   0.0 |   896
           D:4 |       0 |     106 |   0.0 |       0 |      17 |   0.0 |   133
               +---------+---------+-------+---------+---------+-------+---------
